 Dungeon Crawl Stone Soup version 0.14-a0-1876-g927fc3a (webtiles) character file.

177 Jenx the Cutter (level 4, 0/26 HPs)
             Began as a Kobold Assassin on Jan 15, 2014.
             Killed by divine providence
             ... invoked by an orc priest
              (11 damage)
             ... on Level 3 of the Dungeon.
             The game lasted 00:07:11 (2351 turns).

Jenx the Cutter (Kobold Assassin)                   Turns: 2351, Time: 00:07:11

HP   0/26        AC  4     Str 10      XL: 4   Next: 44%
MP   4/4         EV 15     Int 10      God:
Gold 107         SH  0     Dex 16      Spells:  0 memorised,  3 levels left

rFire  . . .     SeeInvis .     a - +2 dagger
rCold  . . .     Clarity  .     q - +0 leather armour
rNeg   . . .     Conserve .     (no shield)
rPois  .         rCorr    .     (no helmet)
rElec  .         rRot     .     d - +0 cloak
SustAb . .       Spirit   .     (no gloves)
rMut   .         Warding  .     (no boots)
Saprov + + .     Stasis   .     (no amulet)
MR     .....                    (no ring)
                                c - +3 ring of evasion

@: not resistant to hostile enchantments, quite stealthy
A: disease resistance, carnivore 3, saprovore 2
a: no special abilities


You were on level 3 of the Dungeon.
You were completely stuffed.

You visited 1 branch of the dungeon, and saw 3 of its levels.

You collected 107 gold pieces.

Inventory:

Hand weapons
 a - a +2,+2 dagger (weapon)
 b - a +0 blowgun
 x - a +2,+3 orcish whip
Missiles
 e - 20 poisoned needles
 f - 2 curare-tipped needles
 i - 18 darts (quivered)
 B - 10 silver bolts
Armour
 d - a +0 cloak (worn)
 q - a +0 leather armour (worn)
Comestibles
 g - a meat ration
Scrolls
 m - 2 scrolls of magic mapping
 p - 2 scrolls of enchant armour
 r - a scroll of blinking {unknown}
 v - a scroll of teleportation {unknown}
 w - a scroll of fear {unknown}
 z - 2 scrolls of remove curse {unknown}
Jewellery
 c - a +3 ring of evasion (left hand)
 k - a cursed ring of teleportation
 o - an uncursed ring of ice
 y - a +4 ring of protection {unknown}
Potions
 h - a potion of heal wounds {unknown}
 j - a potion of brilliance {unknown}
 l - a potion of paralysis {unknown}
 n - a potion of lignification {unknown}
 s - a potion of agility {unknown}
 t - 3 potions of curing
 u - a potion of might {unknown}


   Skills:
 - Level 2.1 Fighting
 * Level 5.8 Short Blades
 - Level 2.6 Throwing
 - Level 1.2 Dodging
 - Level 5.3 Stealth


You had 3 spell levels left.
You didn't know any spells.

Dungeon Overview and Level Annotations

Branches:
Dungeon (3/16)

Altars:
Jiyva


Innate Abilities, Weirdness & Mutations

You recuperate from illness quickly.
You are small and have problems with some larger weapons.
You are carnivorous and can eat meat at any time.
You can eat rotten meat.


Message History

The orc shouts!
The orc priest glows brightly for a moment.
The orc hits you with an orcish mace.
a - a +2,+2 dagger (weapon)
The orc hits you with an orcish mace.
You barely miss the orc. You hit the orc.
The orc is heavily wounded.
The orc completely misses you.
You closely miss the orc.
The orc is heavily wounded.
You completely miss the orc.
The orc is heavily wounded.
The orc priest's eyes start to glow.
The orc hits you with an orcish mace!
You closely miss the orc.
The orc is heavily wounded.
The orc priest invokes the aid of Beogh against you.
Something smites you!
You die...

.#..##
##.......###.##..##.#
...## ##.....##
#%##..##.# .###
##...## #.##.###.# .#
##'## #.##.# #.# .#
#.# #.##)# #.# .#
#####.## #..... ..#
.# #......# ####.#
### .# #.##...######
#.# .# #....)@o..#
#.# .# ##...####o# ..
##..# .... ##.#
#..### #.........o.#
######.####.# #.. ..#
### ###


You could see an orc priest and an orc.

Vanquished Creatures
  3 giant geckos
  5 oozes
  An orc (D:3)
  2 ball pythons
  9 bats
  2 giant cockroaches (D:1)
  8 goblins
  5 hobgoblins
  9 kobolds
  A giant newt (D:3)
  6 jackals
  5 rats
56 creatures vanquished.

Notes
Turn   | Place    | Note
--------------------------------------------------------------
     0 | D:1      | Jenx, the Kobold Assassin, began the quest for the Orb.
     0 | D:1      | Reached XP level 1. HP: 12/12 MP: 1/1
   275 | D:1      | Reached XP level 2. HP: 15/17 MP: 2/2
   856 | D:2      | Reached XP level 3. HP: 21/21 MP: 3/3
  1324 | D:2      | Reached skill level 5 in Short Blades
  1561 | D:2      | Reached XP level 4. HP: 26/26 MP: 4/4
  1975 | D:3      | Found a viscous altar of Jiyva.
  2351 | D:3      | Killed from afar by an orc priest

Action                   |  1- 3 |  4- 6 || total
-------------------------+-------+-------++-------
Melee: Dagger            |   154 |    87 ||   241
Throw: Dart              |     3 |       ||     3
  Use: Scroll            |     5 |       ||     5
 Stab: Sleeping          |     5 |       ||     5
       Distracted        |       |     1 ||     1
